 Dungeon Crawl Stone Soup version 0.31.0-12-g77e489cdc1 (webtiles) character file.

Game seed: 13708499897383690233

441 jagang the Trooper (level 7, -2/56 HPs)
             Began as a Human Monk on Feb 22, 2024.
             Slain by a kobold
             ... wielding a +0 club
              (4 damage)
             ... on level 4 of the Dungeon.
             The game lasted 00:06:37 (3018 turns).

jagang the Trooper (Human Monk)                     Turns: 3018, Time: 00:06:38

Health: -2/56      AC:  7    Str: 12    XL:     7   Next: 2%
Magic:  7/7        EV: 11    Int: 10    God:
Gold:   17         SH:  0    Dex: 29    Spells: 6/6 levels left

rFire   . . .        n - +0 long sword
rCold   . . .        d - orb {light}
rNeg    . . .        s - +1 scale mail {rPois}
rPois   +            (no helmet)
rElec   .            (no cloak)
rCorr   .            (no gloves)
SInv    .            (no boots)
Will    .....        (no amulet)
Stlth   +            l - +6 ring of dexterity
HPRegen 0.29/turn    t - +6 ring of dexterity
MPRegen 0.10/turn

%: no passive effects
@: glowing
A: explore regen
a: no special abilities


You were on level 4 of the Dungeon.
You visited 1 branch of the dungeon, and saw 4 of its levels.

You collected 77 gold pieces.
You spent 60 gold pieces at shops.

Inventory:

Hand Weapons
 n - a +0 long sword (weapon)
Missiles
 m - 5 boomerangs (quivered)
 v - 2 poisoned darts
Armour
 d - an orb of light (worn)
 s - a +1 scale mail of poison resistance (worn)
Jewellery
 l - a +6 ring of dexterity (left hand)
 o - a ring of flight
 r - a ring of poison resistance
 t - a +6 ring of dexterity (right hand)
Wands
 b - a wand of flame (15)
Scrolls
 a - a scroll of immolation {unknown}
 e - 2 scrolls of poison {unknown}
 g - a scroll of butterflies {unknown}
 p - 2 scrolls of teleportation {unknown}
 q - 3 scrolls of identify {unknown}
 u - a scroll of revelation {unknown}
 w - a scroll of torment {unknown}
 x - a scroll of blinking {unknown}
 y - a scroll of fog {unknown}
Potions
 c - a potion of ambrosia
 f - a potion of curing
 h - a potion of haste {unknown}
 i - a potion of degeneration {unknown}
 j - 2 potions of invisibility {unknown}
 k - a potion of heal wounds {unknown}


   Skills:
 * Level 5.4 Fighting
 + Level 4.3 Long Blades
 + Level 2.4 Throwing
 + Level 3.0 Armour
 - Level 3.0 Dodging


You had 6 spell levels left.
You didn't know any spells.
Your spell library contained the following spells:

 Spells                   Type           Power      Damage    Failure   Level
 Static Discharge         Conj/Air       0%         3-3/arc   96%         2
 Airstrike                Air            0%         2d(0-16)  100%        4
 Summon Lightning Spire   Summ/Air       0%         N/A       100%        4


Dungeon Overview and Level Annotations

Branches:
Dungeon (4/15)
 Temple: D:4-7

Altars:
Hepliaklqana
Sif Muna
Trog
Vehumet

Shops:
D:3 *

Annotations:
D:3 2 transporters, TheBioAlchemist's ghost, amateur DsGl


Innate Abilities, Weirdness & Mutations

You regain HP and MP as you explore.


Message History

You slash the gnoll bouda!
You kill the gnoll bouda!
The gnoll misses you.
You have reached level 7!
The gnoll barely misses you.
Things that are here:
a +0 club; a +0 robe; a gnoll corpse You barely miss the gnoll.
Your attacks no longer feel as feeble.
The gnoll hits you but does no damage.
The gnoll hits you from afar with a +0 spear.
* * * LOW HITPOINT WARNING * * *
The gnoll hits you with a +0 spear.
* * * LOW HITPOINT WARNING * * *
You hit the gnoll but do no damage. The gnoll hits you but does no damage.
The gnoll closely misses you.
Unknown command.
You slash the gnoll!
You kill the gnoll!
The gnoll hits you from afar with a +0 spear.
* * * LOW HITPOINT WARNING * * *
The kobold barely misses you.
Your Armour skill increases to level 3!
Unknown command.
You hit the kobold but do no damage.
The gnoll hits you from afar with a +0 spear.
* * * LOW HITPOINT WARNING * * *
The kobold hits you but does no damage.
The gnoll hits you from afar with a +0 spear.
* * * LOW HITPOINT WARNING * * *
Unknown command.
The kobold throws a stone.
The stone hits you but does no damage. The gnoll hits you but does no damage.
You slash the gnoll!
The gnoll is almost dead.
The gnoll hits you but does no damage.
You slash the gnoll!
You kill the gnoll!
The kobold hits you with a +0 club.
You die...

#.##..# #. #.# .....
..# ###. #.# #.#.#
#..# #... #.# #.#.#
#..# ###. #.# #.#.#
#..# #. #.# #.#.# #..#
#. #.# #.#.# #..# #.
#########.# #.#.###..#
#. ..........#
#...@Kg..# #.
###############)###..#
#.
...................).#
#.
###############.###..#
## #.# #..# #.. ....
#.####### ###


You could see a gnoll (swift) and a kobold.

Vanquished Creatures
  An ice beast (D:4)
  An ogre (D:3)
  A hound (D:4)
  A gnoll bouda (D:4)
  An orc priest (D:3)
  An orc wizard (D:3)
  Terence (D:3)
  3 adders
  3 gnolls (D:4)
  2 dart slugs
  6 orcs (D:3)
  8 ball pythons
  6 endoplasms (D:1)
  A giant cockroach (D:3)
  3 goblins
  6 hobgoblins
  7 jackals
  6 quokkas
  8 bats
  4 frilled lizards
  5 kobolds
  4 rats
79 creatures vanquished.

Notes
Turn   | Place    | Note
-------+----------+-------------------------------------------
     0 | D:1      | jagang the Human Monk began the quest for the Orb.
     0 | D:1      | Reached XP level 1. HP: 18/18 MP: 1/1
    82 | D:1      | Reached XP level 2. HP: 20/24 MP: 2/2
   302 | D:1      | Reached skill level 1 in Armour
   378 | D:1      | Reached XP level 3. HP: 29/29 MP: 3/3
   673 | D:2      | Found a faded altar of an unknown god.
  1010 | D:2      | Reached XP level 4. HP: 25/37 MP: 4/4
  1174 | D:2      | Reached skill level 4 in Fighting
  1570 | D:3      | Noticed Terence
  1578 | D:3      | Killed Terence
  1702 | D:3      | Reached skill level 1 in Throwing
  1722 | D:3      | Found a radiant altar of Vehumet.
  1764 | D:3      | Found a transporter.
  1779 | D:3      | Noticed TheBioAlchemist's ghost (amateur DsGl)
  1788 | D:3      | Found a transporter.
  1870 | D:3      | Reached XP level 5. HP: 39/43 MP: 5/5
  2077 | D:3      | Noticed an ogre
  2090 | D:3      | Killed an ogre
  2091 | D:3      | Reached XP level 6. HP: 17/50 MP: 6/6
  2257 | D:3      | Found a shimmering blue altar of Sif Muna.
  2259 | D:3      | Found a bloodstained altar of Trog.
  2260 | D:3      | Found a hazy altar of Hepliaklqana.
  2489 | D:3      | Found Zoteerr's Assorted Antiques.
  2497 | D:3      | Bought a scroll labelled GIL NOONUECYETZEI for 30 gold
                  | pieces
  2497 | D:3      | Bought a scroll labelled JOIXZO FYZAKK for 30 gold pieces
  2776 | D:4      | Noticed an ice beast
  2779 | D:4      | Killed an ice beast
  2780 | D:4      | Reached skill level 5 in Fighting
  3011 | D:4      | Reached XP level 7. HP: 13/56 MP: 7/7
  3015 | D:4      | HP: 1/56 [gnoll/+0 spear[a gnoll bouda] (2)]
  3018 | D:4      | Slain by a kobold

Illustrated notes

Levels and vault maps discovered:
D:1:      dpeg_arrival_windows_large_door, layout_rooms, minmay_ruptured
D:2:      layout_basic, ebering_ecumenical_altar_sacrificial, minivault_27,
          minmay_shallow_snake_nest
D:3:      layout_loops_ring, vehumet_altar_wand_db, minitemple,
          gammafunk_ghost_stat_death, serial_shops, shop, uniq_terence
D:4:      layout_basic

Skill      XL: |  1  2  3  4  5  6  7 |
---------------+----------------------+-----
Armour         | 1 2 3 |  3.0
Fighting       | 4 5 |  5.4
Throwing       | 1 2 |  2.4
Long Blades    | 4 |  4.3
Dodging        | |  3.0

Action                     |  1- 3 |  4- 6 |  7- 9 || total
---------------------------+-------+-------+-------++-------
  Melee: Falchion          |   102 |    43 |       ||   145
         Long sword        |       |    55 |     6 ||    61
  Throw: Dart              |       |     2 |       ||     2
         Boomerang         |       |     2 |       ||     2
    Use: Potion            |       |     1 |       ||     1
 Armour: Robe              |    28 |       |       ||    28
         Scale mail        |    42 |    76 |    12 ||   130
  Dodge: Dodged            |    91 |    72 |     3 ||   166
